 Dungeon Crawl Stone Soup version 0.21-a0-531-gacddea6 (webtiles) character file.

65 Amnesiac the Vexing (level 3, -3/20 HPs)
             Began as a Deep Elf Arcane Marksman on Dec 12, 2017.
             Was an Initiate of Okawaru.
             Killed by divine providence
             ... invoked by an orc priest
              (8 damage)
             ... on level 3 of the Dungeon.
             The game lasted 00:03:55 (2155 turns).

Amnesiac the Vexing (Deep Elf Arcane Marksman)      Turns: 2155, Time: 00:03:55

Health: -3/20      AC:  3    Str:  8    XL:     3   Next: 94%
Magic:  7/8        EV: 13    Int: 17    God:    Okawaru [......]
Gold:   115        SH:  0    Dex: 15    Spells: 3/6 levels left

rFire    . . .     SeeInvis .   a - +0 shortbow
rCold    . . .     Gourm    .   (shield currently unavailable)
rNeg     . . .     Faith    .   e - +0 robe
rPois    .         Spirit   .   (no helmet)
rElec    .         Reflect  .   (no cloak)
rCorr    .         Harm     .   n - +0 pair of gloves (curse)
MR       .....                  (no boots)
Stlth    +.........             l - amulet of rage
HPRegen  0.06/turn              z - ring of flight
MPRegen  0.11/turn              (no ring)

@: drained
A: no striking features
a: Renounce Religion, Evoke Berserk Rage, Evoke Flight


You were on level 3 of the Dungeon.
You worshipped Okawaru.
Okawaru was noncommittal.
You were hungry.

You visited 1 branch of the dungeon, and saw 3 of its levels.

You collected 115 gold pieces.

Inventory:

Hand Weapons
 a - a +0 shortbow (weapon)
 b - a +0 hunting sling
Missiles
 d - 120 arrows (quivered)
 g - 81 stones
 A - 3 javelins
Armour
 e - a +0 robe (worn)
 n - a cursed +0 pair of gloves (worn)
 y - a +1 pair of gloves
Jewellery
 l - an amulet of rage (around neck)
 z - a ring of flight (left hand)
Scrolls
 i - a scroll of remove curse {!r, unknown}
 k - 2 scrolls of identify {!r, unknown}
 m - a scroll of amnesia {!r, unknown}
 p - a scroll of teleportation {!r, unknown}
 q - a scroll of immolation {!r, unknown}
 B - a scroll of fog {!r, unknown}
Potions
 h - 2 potions of cancellation {!q, unknown}
 j - a potion of resistance {!q, unknown}
 s - a potion of lignification {!q, unknown}
 u - 2 potions of flight {!q, unknown}
 v - 3 potions of curing {!q, unknown}
 w - a potion of agility {!q, unknown}
Books
 c - a book of Debilitation

   Spells                             Type                      Level
   a - Corona                         Hexes                        1
   b - Slow                           Hexes                        2
   c - Inner Flame                    Hexes/Fire                   3
   d - Portal Projectile              Hexes/Translocation          3
   e - Cause Fear                     Hexes                        4
   f - Leda's Liquefaction            Hexes/Earth                  4
 t - a book of Maledictions

   Spells                             Type                      Level
   a - Corona                         Hexes                        1
   b - Ensorcelled Hibernation        Hexes/Ice                    2
   c - Confuse                        Hexes                        3
   d - Tukima's Dance                 Hexes                        3
   e - Dazzling Spray                 Conjuration/Hexes            3
Comestibles
 f - 2 bread rations
 o - 6 fruits
 r - a royal jelly
 x - a meat ration


   Skills:
 + Level 1.2(0.9) Fighting
 * Level 3.1(2.8) Bows
 + Level 3.0(2.7) Dodging
 + Level 2.0(1.7) Spellcasting
 * Level 5.0(4.7) Hexes


You had 3 spell levels left.
You knew the following spells:

 Your Spells              Type           Power        Failure   Level  Hunger
a - Corona                Hex            ###....      2%          1    #......
e - Slow                  Hex            ###.....     4%          2    ###....


Dungeon Overview and Level Annotations

Branches:
Dungeon (3/15)

Altars:
Okawaru
Wu Jian

Annotations:
D:3 Terence


Message History

Confirm with . or Enter, or press ? or * to list all spells.
Aiming: Corona
Press: ? - help, Shift-Dir - straight line, f - dart slug
Aim: a dart slug (clinging, hasn't noticed you, chance to defeat MR: 71%)
The dart slug barely resists.
Firing (i - inventory. (,) - cycle):
g - 80 stones (quivered)
Press: ? - help, Shift-Dir - straight line, f/p - dart slug
Aim: a dart slug (clinging)
You shoot a stone. The stone hits the dart slug.
The dart slug is moderately wounded.
Firing (i - inventory. (,) - cycle):
g - 79 stones (quivered)
Press: ? - help, Shift-Dir - straight line, f/p - dart slug
Aim: a dart slug (moderately wounded, clinging)
You shoot a stone. The stone hits the dart slug.
The dart slug is almost dead.
Firing (i - inventory. (,) - cycle):
g - 78 stones (quivered)
Press: ? - help, Shift-Dir - straight line, f/p - dart slug
Aim: a dart slug (almost dead, clinging)
You shoot a stone. The stone hits the dart slug!
You kill the dart slug!
Okawaru accepts your kill.
a - a +0 shortbow (weapon)
g - 78 stones (gained 1)
You see here a kobold corpse.
You now have 105 gold pieces (gained 12).
g - 80 stones (gained 2)
g - 81 stones (gained 1) Magic restored.
You now have 115 gold pieces (gained 10).
k - 2 scrolls labeled OLAIXI YMMOIJ {!r} (gained 1)
An orc comes into view. It is wielding a club.
Found a scroll labeled OLAIXI YMMOIJ.
An orc is nearby!
Firing (i - inventory. (,) - cycle):
d - 122 arrows (quivered)
Press: ? - help, Shift-Dir - straight line, f - orc
Aim: an orc, wielding a club and wearing a leather armour (resting)
You shoot an arrow. The arrow hits the orc.
The orc shouts!
The orc is heavily wounded.
You hear a shout! x2
The orc throws a tomahawk.
The tomahawk barely misses you.
A giant cockroach comes into view.
Casting: Corona
Confirm with . or Enter, or press ? or * to list all spells.
Aiming: Corona
Press: ? - help, Shift-Dir - straight line, f/p - orc
Aim: an orc, wielding a club and wearing a leather armour (heavily wounded, chance to defeat MR: 71%)
The orc is outlined in light.
The orc throws a tomahawk.
The tomahawk misses you.
Firing (i - inventory. (,) - cycle):
d - 121 arrows (quivered)
Press: ? - help, Shift-Dir - straight line, f/p - orc
Aim: an orc, wielding a club and wearing a leather armour (heavily wounded, softly glowing)
You shoot an arrow.
The arrow hits the orc but does no damage.
The orc is heavily wounded.
The orc throws a tomahawk.
The tomahawk closely misses you.
An orc priest comes into view.
The orc priest calls down the wrath of Beogh upon you.
Beogh smites you!
Ouch! That really hurt!
* * * LOW HITPOINT WARNING * * *
The orc priest calls down the wrath of Beogh upon you.
Beogh smites you!
You die...

.####(##........#<.....
#......†.######........
#.###....# #....#... #
#.# #..#.# #.#.#_#.# #.
#.# #..#.# #....#...
#.##.###..#.# #.......#
#..#.#....#.# #.#######
#........#.# #.#
#.......@#.# #.#
#........#.# #.#
#........#.# #..
#........# #...(..so#
#..../...#
###......o.(o
##..#.....( #..........


You could see an orc priest, an orc and a giant cockroach.

Vanquished Creatures
  An adder (D:2)
  2 dart slugs
  2 leopard geckos
  10 bats
  3 giant cockroaches
  6 goblins
  3 hobgoblins
  4 jackals (D:2)
  3 quokkas (D:2)
  3 frilled lizards
  3 kobolds
  6 rats
46 creatures vanquished.

Notes
Turn   | Place    | Note
-------+----------+-------------------------------------------
     0 | D:1      | Amnesiac the Deep Elf Arcane Marksman began the quest for the Orb.
     0 | D:1      | Reached XP level 1. HP: 11/11 MP: 5/5
    62 | D:1      | Reached XP level 2. HP: 16/16 MP: 4/6
    66 | D:1      | Learned a level 2 spell: Slow
   129 | D:1      | Reached skill level 1 in Fighting
   900 | D:2      | Reached XP level 3. HP: 14/20 MP: 2/7
  1533 | D:2      | Found an ornate altar of the Wu Jian Council.
  1790 | D:3      | Noticed Terence
  2082 | D:3      | Found an iron altar of Okawaru.
  2086 | D:3      | Became a worshipper of Warmaster Okawaru
  2121 | D:3      | Reached skill level 5 in Hexes
  2155 | D:3      | Killed from afar by an orc priest

Vault maps used:
D:1:      minmay_arrival_shoal_huts, palyth_stone_intersect,
          kennysheep_pointless_box
D:2:      lemuel_doored_altar
D:3:      marbit_many_paths, okawaru_metal_pillars_1_2, uniq_terence

Skill      XL: |  1  2  3 |
---------------+----------+-----
Fighting       | 1 |  1.2
Bows           | 3 |  3.1
Dodging        | 3 |  3.0
Spellcasting   | 2 |  2.0
Hexes          | 5 |  5.0

Action                   || total
-------------------------++-------
 Fire: Shortbow          ||    55
       Hunting sling     ||     5
Throw: Javelin           ||    56
 Cast: Corona            ||    37
       Slow              ||     5
  Eat: Chunk             ||     4
Armor: Robe              ||    23
Dodge: Dodged            ||    65

Table legend:
 A = Spawn XP
 B = Non-spawn XP
 C = Spawn XP percentage of total XP
 D = Spawn monster count
 E = Non-spawn monster count
 F = Spawn count percentage of total count
 G = Total turns spent on level
                    A         B        C        D         E        F      G
               +---------+---------+-------+---------+---------+-------+---------
         Total |       0 |      94 |   0.0 |       0 |      46 |   0.0 |  2155
               +---------+---------+-------+---------+---------+-------+---------
           D:1 |       0 |      23 |   0.0 |       0 |      15 |   0.0 |   740
           D:2 |       0 |      60 |   0.0 |       0 |      26 |   0.0 |  1195
           D:3 |       0 |      11 |   0.0 |       0 |       5 |   0.0 |   220
               +---------+---------+-------+---------+---------+-------+---------
